 Dungeon Crawl Stone Soup version 0.29-a0-723-gce39da1c22 (webtiles) character file.

Game seed: 6132157753453743430

464 ytrimaz the Ducker (level 6, -1/48 HPs)
             Began as a Demonspawn Gladiator on June 28, 2022.
             Slain by an ogre
             ... wielding a +0 giant spiked club
              (28 damage)
             ... on level 5 of the Dungeon.
             The game lasted 00:06:37 (4307 turns).

ytrimaz the Ducker (Demonspawn Gladiator)           Turns: 4307, Time: 00:06:38

Health: -1/48      AC:  5    Str: 15    XL:     6   Next: 80%
Magic:  6/6        EV: 15    Int:  9    God:
Gold:   391        SH:  0    Dex: 20    Spells: 5/5 levels left

rFire   . . .      SeeInvis .   a - +1 rapier
rCold   . . .      Faith    .   (no shield)
rNeg    . . .      Spirit   .   b - +1 leather armour
rPois   +          Reflect  .   (helmet restricted)
rElec   .          Harm     .   f - scarf {repulsion}
rCorr   .          Rampage  .   (no gloves)
Will    .....                   n - +0 pair of boots
Stlth   ++++......              j - amulet of magic regeneration
HPRegen 0.16/turn               h - ring of poison resistance
MPRegen 0.50/turn               p - ring of flight

@: flying, repel missiles
A: horns 1, thin skeletal structure 2, powered by death 1
a: no special abilities


You were on level 5 of the Dungeon.
You visited 1 branch of the dungeon, and saw 5 of its levels.

You collected 391 gold pieces.

Inventory:

Hand Weapons
 a - a +1 rapier (weapon)
 c - a +2 dagger of pain
Missiles
 d - 3 throwing nets (quivered)
 e - 3 javelins
Armour
 b - a +1 leather armour (worn)
 f - a scarf of repulsion (worn)
 n - a +0 pair of boots (worn)
Jewellery
 h - a ring of poison resistance (left hand)
 j - an amulet of magic regeneration (around neck)
 p - a ring of flight (right hand)
Scrolls
 i - a scroll of immolation
 k - 3 scrolls of enchant armour
 l - 2 scrolls of noise
 m - a scroll of fog
 q - 3 scrolls of amnesia
Potions
 g - 2 potions of degeneration
 o - a potion of brilliance
 r - a potion of curing {unknown}


   Skills:
 - Level 4.0 Fighting
 - Level 2.6 Short Blades
 - Level 1.7 Throwing
 + Level 6.0 Dodging
 + Level 1.5 Stealth


You had 5 spell levels left.
You didn't know any spells.
Your spell library contained the following spells:

 Spells                   Type           Power      Damage    Failure   Level
 Necrotize                Necr           0%         1d4       45%         1
 Vampiric Draining        Necr           0%         2d6       83%         3
 Agony                    Necr           0%         N/A       100%        5


Dungeon Overview and Level Annotations

Branches:
Dungeon (5/15)
 Temple: D:4-7

Altars:
Nemelex Xobeh

Shops:
D:4 :

Annotations:
D:3 1 runed translucent door, Crazy Yiuf


Innate Abilities, Weirdness & Mutations

You have a pair of small horns on your head.
You have a moderately thin skeletal structure. (Dex +4, Stealth++)
You regenerate a little health from kills.


Message History

You hear the sound of rushing water.
There is an entrance to a sewer on this level.
Hurry and find it before the portal rusts away!
You hear the rusting of a distant drain.
Found a stone staircase leading down and a stone staircase leading up.
There is a stone staircase leading up here.
An ogre is nearby!
The ogre closely misses you.
You hit the ogre.
You headbutt the ogre, but do no damage.
The ogre is lightly wounded.
An orc comes into view. It is wielding a +0 dagger.
The ogre hits you with a +0 giant spiked club!
You barely miss the ogre.
The ogre is lightly wounded.
The ogre misses you.
You hit the ogre. You headbutt the ogre. Your punch misses the ogre.
The ogre is heavily wounded.
A scorpion comes into view.
You barely miss the ogre.
You headbutt the ogre, but do no damage.
The ogre is heavily wounded.
The ogre misses you.
You hit the ogre.
The ogre is heavily wounded.
An orc comes into view.
It is wielding a +0 short sword and quivering atropa-tipped darts.
The ogre misses you.
You hit the ogre.
The ogre is severely wounded.
You barely miss the ogre. Your headbutt misses the ogre. You punch the ogre.
The ogre is almost dead.
The ogre closely misses you. The scorpion barely misses you.
You hit the ogre but do no damage. Your headbutt misses the ogre.
The ogre is almost dead.
The ogre barely misses you. The scorpion stings you.
You hit the ogre.
The ogre is almost dead.
The scorpion stings you.
The ogre hits you with a +0 giant spiked club!!
Ouch! That really hurt!
You die...

... ##. ... ....
##.. .. .#
....##..##<##.#
..........>#...
...............
...........# .
.......<...#...
...............
.......@....#..
.......sO.###
..#...##...!.......#
#O...............o##
#........[.........
.$.............#....
................###.
................ ..
.##.........


You could see an ogre, a scorpion and an orc.

Vanquished Creatures
  An ogre (D:4)
  2 scorpions
  A howler monkey (D:5)
  A hound (D:4)
  2 iguanas (D:4)
  An orc wizard (D:4)
  A gnoll (D:4)
  An adder (D:3)
  A shadow imp (D:5)
  4 worms
  A dart slug (D:1)
  4 orcs (D:4)
  5 ball pythons
  5 endoplasms
  A giant cockroach (D:3)
  4 goblins
  15 hobgoblins
  11 jackals (D:2)
  2 kobolds (D:1)
  2 quokkas
  9 bats
  2 frilled lizards (D:1)
  3 rats
79 creatures vanquished.

Vanquished Creatures (others)
  2 fungi (D:3)
  8 plants (D:5)
  4 toadstools (D:3)
14 creatures vanquished.

Grand Total: 93 creatures vanquished

Notes
Turn   | Place    | Note
-------+----------+-------------------------------------------
     0 | D:1      | ytrimaz the Demonspawn Gladiator began the quest for the
                  | Orb.
     0 | D:1      | Reached XP level 1. HP: 16/16 MP: 1/1
    80 | D:1      | Reached skill level 3 in Dodging
    98 | D:1      | Gained mutation: You have a somewhat thin skeletal
                  | structure. (Dex +2, Stealth+) [demonic ancestry]
    98 | D:1      | Reached XP level 2. HP: 19/22 MP: 2/2
   931 | D:2      | Gained mutation: You have a pair of small horns on your
                  | head. [demonic ancestry]
   931 | D:2      | Reached XP level 3. HP: 23/28 MP: 3/3
   971 | D:2      | Found a faded altar of an unknown god.
  1682 | D:2      | Reached skill level 4 in Dodging
  1899 | D:3      | Found a runed translucent door.
  1900 | D:3      | Noticed Crazy Yiuf
  1928 | D:3      | Reached XP level 4. HP: 31/34 MP: 4/4
  2436 | D:3      | Found a sparkling altar of Nemelex Xobeh.
  2572 | D:4      | Noticed a scorpion
  2588 | D:4      | Killed a scorpion
  2589 | D:4      | Gained mutation: You have a moderately thin skeletal
                  | structure. (Dex +4, Stealth++) [demonic ancestry]
  2589 | D:4      | Reached XP level 5. HP: 22/41 MP: 5/5
  3193 | D:4      | Reached skill level 5 in Dodging
  3245 | D:4      | Gained mutation: You regenerate a little health from kills.
                  | [demonic ancestry]
  3245 | D:4      | Reached XP level 6. HP: 7/48 MP: 6/6
  3245 | D:4      | HP: 2/48 [frozen (5)]
  3548 | D:4      | Reached skill level 1 in Stealth
  3912 | D:4      | Found Runkon's Book Shoppe.
  3996 | D:5      | Entered Level 5 of the Dungeon
  4239 | D:5      | Reached skill level 6 in Dodging
  4307 | D:5      | Slain by an ogre

Illustrated notes

Levels and vault maps discovered:
D:1:      lemuel_arrival_hallway, layout_rooms, minmay_heptomino_l4
D:2:      layout_basic, hellmonk_ecumenical_altar_lost_god
D:3:      layout_rooms, nemelex_xobeh_ov_fountains_minmay,
          minmay_gold_behind_fungi, minmay_goblin_outpost,
          uniq_crazy_yiuf_cottage
D:4:      layout_basic, serial_shops, kennysheep_mini_moat, serial_rivers,
          chequers_serial_rivers_micro_a, chequers_serial_rivers_small_a,
          chequers_serial_rivers_small_3, chequers_serial_rivers_room_a,
          hex_large
D:5:      kennysheep_kobold_camp, layout_cave_pools,
          chequers_temple_overflow_statue_of_worship, lightli_sewer_entry_pipes,
          uniq_edmund

Skill      XL: |  1  2  3  4  5  6 |
---------------+-------------------+-----
Dodging        | 3 4 5 6 |  6.0
Fighting       | 3 4 |  4.0
Stealth        | 1 |  1.5
Short Blades   | |  2.6
Throwing       | |  1.7

Action                   |  1- 3 |  4- 6 || total
-------------------------+-------+-------++-------
Melee: Rapier            |   140 |   105 ||   245
       Punch             |     2 |     3 ||     5
       Headbutt          |    12 |    20 ||    32
Throw: Throwing net      |       |     1 ||     1
  Use: Scroll            |     4 |     4 ||     8
       Potion            |       |     6 ||     6
 Stab: Sleeping          |     5 |     4 ||     9
Armor: Leather armour    |    41 |    21 ||    62
Dodge: Dodged            |   135 |    80 ||   215
       Repelled          |       |     2 ||     2

Table legend: (Time is in decaauts)
 A = Elapsed time spent in this place.
 B = Non-inter-level travel time spent in this place.
 C = Inter-level travel time spent in this place.
 D = Time resting spent in this place.
 E = Time spent auto-exploring this place.
 F = Levels seen in this place.
 G = Mean time per level.
                   A        B        C        D        E       F      G
               +--------+--------+--------+--------+--------+-----+--------+
         Total |   4306 |   4216 |     90 |    775 |   2558 |   5 |  861.2 |
       Dungeon |   4306 |   4216 |     90 |    775 |   2558 |   5 |  861.2 |
               +--------+--------+--------+--------+--------+-----+--------+

Top non-repeatable levels by time:
     D:4: 1595 daAuts
     D:2: 1161 daAuts
     D:3: 741 daAuts
     D:1: 625 daAuts
     D:5: 183 daAuts
